 Dungeon Crawl Stone Soup version 0.22-a0-412-g2b68d144a4 (webtiles) character file.

1726 HereIgoKillingAgain the Cleaver (level 9, -1/71 HPs)
             Began as a Hill Orc Fighter on May 12, 2018.
             Was a Follower of Beogh.
             Slain by a two-headed ogre
             ... wielding a +0 giant spiked club
              (12 damage)
             ... on level 6 of the Dungeon.
             The game lasted 00:05:36 (5252 turns).

HereIgoKillingAgain the Cleaver (Hill Orc Fighter)  Turns: 5252, Time: 00:05:36

Health: -1/71      AC: 12    Str: 21    XL:     9   Next: 4%
Magic:  9/9        EV:  7    Int:  9    God:    Beogh [*.....]
Gold:   284        SH:  9    Dex: 10    Spells: 8/8 levels left

rFire    . . .     SeeInvis .   a - +0 war axe
rCold    . . .     Gourm    .   c - +0 shield
rNeg     . . .     Faith    .   b - +0 scale mail
rPois    .         Spirit   .   (no helmet)
rElec    .         Reflect  .   l - +1 cloak
rCorr    .         Harm     .   (no gloves)
MR       .....                  (no boots)
Stlth    ..........             (no amulet)
HPRegen  0.21/turn              g - +3 ring of protection
MPRegen  0.11/turn              (no ring)

@: hasted, very quick
A: no striking features
a: Renounce Religion


You were on level 6 of the Dungeon.
You worshipped Beogh.
Beogh was aware of your devotion.
You were not hungry.

You visited 1 branch of the dungeon, and saw 6 of its levels.

You collected 284 gold pieces.

Inventory:

Hand Weapons
 a - a +0 war axe (weapon)
 v - a +0 broad axe
Armour
 b - a +0 scale mail (worn)
 c - a +0 shield (worn)
 l - a +1 cloak (worn)
Jewellery
 g - a +3 ring of protection (left hand)
Wands
 d - a wand of random effects (30)
 q - a wand of enslavement (15)
 t - a wand of iceblast (5)
Scrolls
 e - 3 scrolls of remove curse
 h - 2 scrolls of magic mapping
 i - a scroll of identify
 k - 3 scrolls of amnesia
 w - a scroll of enchant armour
Potions
 m - a potion of lignification {unknown}
 o - 2 potions of curing
 p - 2 potions of cancellation
 r - a potion of magic {unknown}
 x - a potion of flight {unknown}
Comestibles
 f - 6 rations


   Skills:
 - Level 3.7 Fighting
 + Level 14.1 Axes
 - Level 3.3 Armour
 - Level 3.3 Shields


You had 8 spell levels left.
You didn't know any spells.
Your spell library was empty.

Dungeon Overview and Level Annotations

Branches:
Dungeon (6/15)             Temple (0/1) D:5

Altars:
Gozag
Qazlal
Ru
Uskayaw
The Shining One

Annotations:
D:3 2 transporters


Message History

A two-headed ogre is nearby!
A two-headed ogre is nearby!
You feel yourself speed up.
The two-headed ogre hits you with a giant spiked club!
The two-headed ogre hits you but does no damage.
You slice the two-headed ogre!!
The two-headed ogre is moderately wounded.
You hit the two-headed ogre.
The two-headed ogre is heavily wounded.
The two-headed ogre hits you with a giant spiked club!!
The two-headed ogre hits you but does no damage.
You hit the two-headed ogre.
The two-headed ogre is heavily wounded.
A hobgoblin zombie comes into view.
You hit the two-headed ogre but do no damage.
The two-headed ogre is heavily wounded.
The two-headed ogre hits you with a giant spiked club!!
* * * LOW HITPOINT WARNING * * *
The two-headed ogre hits you with a dire flail!
You die...

#.##...........##......
#..#.......Z..###......
#..............##......
##.##........#..........
..........)..##.........
#.........#####......
#...).....# #..####.
#..)))....####..# ##
#.##@#####......# ## #
#O...[...##### #.
###.##.......... .....
..............#### ####
##../.##.###..# ...###
#.# ...# ## ##.# #.#
#..# #.##


You could see a two-headed ogre and a hobgoblin zombie.

Vanquished Creatures
  A hippogriff (D:5)
  Sigmund (D:3)
  2 ice beasts (D:5)
  2 phantoms (D:4)
  2 centaurs
  2 bullfrogs
  A howler monkey (D:6)
  A centaur zombie (D:5)
  A crimson imp (D:5)
  An orc priest (D:6)
  4 iguanas
  6 orc wizards
  A worker ant (D:6)
  A mummy (D:6)
  3 gnolls (D:6)
  9 adders
  2 shadow imps (D:5)
  An ooze (D:2)
  3 adder skeletons
  A worm (D:3)
  3 dart slugs
  A leopard gecko (D:3)
  27 orcs
  3 ball pythons
  4 giant cockroaches
  10 goblins
  6 hobgoblins
  14 jackals
  7 quokkas
  10 bats
  3 frilled lizards
  A hobgoblin zombie (D:6)
  11 kobolds
  A leopard gecko skeleton (D:4)
  An orc zombie (D:6)
  17 rats
164 creatures vanquished.

Notes
Turn   | Place    | Note
-------+----------+-------------------------------------------
     0 | D:1      | HereIgoKillingAgain the Hill Orc Fighter began the quest for the Orb.
     0 | D:1      | Reached XP level 1. HP: 19/19 MP: 1/1
    76 | D:1      | Reached skill level 3 in Axes
    86 | D:1      | Reached XP level 2. HP: 21/27 MP: 2/2
   418 | D:1      | Reached skill level 4 in Axes
   439 | D:1      | Reached XP level 3. HP: 28/33 MP: 3/3
   783 | D:2      | Reached skill level 5 in Axes
  1096 | D:2      | Reached XP level 4. HP: 40/40 MP: 4/4
  1313 | D:2      | Found a stormy altar of Qazlal.
  1427 | D:3      | Found a transporter.
  1470 | D:3      | Found a transporter.
  1590 | D:3      | Noticed Sigmund
  1606 | D:3      | Killed Sigmund
  1606 | D:3      | Reached skill level 7 in Axes
  1606 | D:3      | Reached XP level 5. HP: 25/46 MP: 5/5
  1606 | D:3      | Reached XP level 6. HP: 28/52 MP: 6/6
  1794 | D:3      | Reached skill level 8 in Axes
  2059 | D:3      | Found a glowing golden altar of the Shining One.
  2432 | D:3      | Reached skill level 9 in Axes
  2687 | D:4      | Noticed a phantom
  2710 | D:4      | Reached XP level 7. HP: 48/58 MP: 7/7
  2725 | D:4      | Reached skill level 10 in Axes
  3499 | D:4      | Reached skill level 11 in Axes
  3604 | D:5      | Entered Level 5 of the Dungeon
  3609 | D:5      | Became a worshipper of Beogh the Brigand
  3636 | D:5      | Reached XP level 8. HP: 52/66 MP: 8/8
  3913 | D:5      | Found a staircase to the Ecumenical Temple.
  3983 | D:5      | Noticed a hippogriff
  3995 | D:5      | Killed a hippogriff
  3995 | D:5      | Reached skill level 12 in Axes
  4643 | D:6      | Reached skill level 13 in Axes
  4654 | D:6      | Reached * piety under Beogh
  4676 | D:6      | Noticed a two-headed ogre
  4687 | D:6      | Found an opulent altar of Gozag.
  4904 | D:6      | Found a hide-covered altar of Uskayaw.
  4907 | D:6      | Found a sacrificial altar of Ru.
  4943 | D:6      | Reached skill level 14 in Axes
  4943 | D:6      | Reached XP level 9. HP: 31/71 MP: 9/9
  5252 | D:6      | Slain by a two-headed ogre

Vault maps used:
D:1:      dpeg_arrival_fog, minmay_rat_gold_closets
D:2:      lemuel_doored_altar, first_ration
D:3:      gammafunk_steamed_eel, marbit_many_paths, uniq_sigmund
D:5:      minmay_temple_entry_enclosed_plants
D:6:      grunt_temple_overflow_diamond, minmay_mini_ossuary

Skill      XL: |  1  2  3  4  5  6  7  8 |
---------------+-------------------------+-----
Axes           | 3 4 5 7 9 11 14 | 14.1
Fighting       | |  3.7
Armour         | |  3.3
Shields        | |  3.3

Action                   |  1- 3 |  4- 6 |  7- 9 || total
-------------------------+-------+-------+-------++-------
Melee: War axe           |   137 |   169 |   250 ||   556
Invok: Convert to Beogh  |       |       |     1 ||     1
  Use: Potion            |       |     1 |     3 ||     4
       Scroll            |       |       |    12 ||    12
  Eat: Chunk             |       |     6 |     6 ||    12
       Ration            |       |       |     1 ||     1
Armor: Scale mail        |    74 |    60 |   101 ||   235
Dodge: Dodged            |    61 |    41 |    80 ||   182
Block: Shield            |   102 |    64 |   100 ||   266

Table legend:
 A = Spawn XP
 B = Non-spawn XP
 C = Spawn XP percentage of total XP
 D = Spawn monster count
 E = Non-spawn monster count
 F = Spawn count percentage of total count
 G = Total turns spent on level
                    A         B        C        D         E        F      G
               +---------+---------+-------+---------+---------+-------+---------
         Total |       0 |    2466 |   0.0 |       0 |     164 |   0.0 |  5252
               +---------+---------+-------+---------+---------+-------+---------
           D:1 |       0 |      44 |   0.0 |       0 |      31 |   0.0 |   669
           D:2 |       0 |      42 |   0.0 |       0 |      20 |   0.0 |   758
           D:3 |       0 |     431 |   0.0 |       0 |      42 |   0.0 |  1113
           D:4 |       0 |     548 |   0.0 |       0 |      23 |   0.0 |  1064
           D:5 |       0 |     714 |   0.0 |       0 |      19 |   0.0 |   944
           D:6 |       0 |     687 |   0.0 |       0 |      29 |   0.0 |   704
               +---------+---------+-------+---------+---------+-------+---------
